 Dungeon Crawl Stone Soup version 0.31-a0-1074-g0b22e4e0f1 (webtiles) character file.

Game seed: 15317781465757998575

78 BigPumpCobain the Ruffian (level 4, 0/44 HPs)
             Began as a Troll Shapeshifter on Dec 4, 2023.
             Slain by a gnoll
             ... wielding a +0 spear
              (5 damage)
             ... on level 2 of the Dungeon.
             The game lasted 00:01:20 (815 turns).

BigPumpCobain the Ruffian (Troll Shapeshifter)       Turns: 815, Time: 00:01:20

Health: 0/44       AC:  4    Str: 24    XL:     4   Next: 15%
Magic:  3/3        EV:  9    Int:  6    God:
Gold:   64         SH:  0    Dex:  9    Spells: 3/3 levels left

rFire   . .          .
                       - Unarmed
rCold   . . .        (no shield)
rNeg    . . .        a - +0 animal skin
rPois   .            (helmet currently unavailable)
rElec   .            (cloak currently unavailable)
rCorr   .            (gloves unavailable)
SInv    .            (boots unavailable)
Will    .....        (no amulet)
Stlth   +            (no ring)
HPRegen 1.07/turn    (no ring)
MPRegen 0.08/turn

%: no passive effects
@: confused, beast-form
A: beast (slay +1), large, unfitting armour, claws 3, regeneration 1, shaggy fur
1, tough skin 1
a: Begin Untransformation


You were on level 2 of the Dungeon.
You were a hulking beast.
You visited 1 branch of the dungeon, and saw 2 of its levels.

You collected 64 gold pieces.

Inventory:

Armour
 a - a +0 animal skin (worn)
Jewellery
 f - an amulet of magic regeneration
Talismans
 c - a beast talisman
 d - a flux talisman
Scrolls
 e - a scroll of fog {unknown}
 g - a scroll of enchant armour {unknown}
 h - 2 scrolls of identify {unknown}
 i - a scroll of fear {unknown}
 l - a scroll of revelation {unknown}
Potions
 b - a potion of lignification
 j - 2 potions of mutation {unknown}
 k - a potion of might {unknown}


   Skills:
 + Level 2.3 Fighting
 - Level 1.5 Dodging
 + Level 4.1 Unarmed Combat
 - Level 3.0 Shapeshifting


You had 3 spell levels left.
You didn't know any spells.
Your spell library contained the following spells:

 Spells                   Type           Power      Damage    Failure   Level
 Necrotise                Necr           0%         1d4       45%         1
 Blink                    Tloc           0%         N/A       58%         2
 Vampiric Draining        Necr           0%         2d6       83%         3
 Manifold Assault         Tloc           0%         N/A       99%         4
 Agony                    Necr           0%         N/A       100%        5


Dungeon Overview and Level Annotations

Branches:
Dungeon (2/15)

Altars:

Shops:
D:2 *

Annotations:
D:2 Sigmund


Innate Abilities, Weirdness & Mutations

You are a hulking beast.
Your limbs bulge with bestial killing power. (Slay +1)
You are too large for most types of armour.
You have claws for hands.
Your natural rate of healing is unusually fast.
You are covered in fur. (AC +1)
You have tough skin. (AC +1)


Message History

Sigmund the Dreaded comes into view.
He is wielding a +0 scythe.
You see here a ring of poison resistance.
A gnoll comes into view. It is wielding a +0 halberd.
Sigmund shouts!
The gnoll shouts!
Sigmund mumbles some strange words.
Sigmund flickers and vanishes!
Deactivating autopickup; reactivate with Ctrl-A.
The gnoll hits you with a +0 spear.
You scratch the gnoll. Your claw misses the gnoll.
The gnoll is moderately wounded.
You scratch the gnoll.
The gnoll is almost dead.
The gnoll hits you with a +0 spear.
You claw the gnoll!
You kill the gnoll!
The gnoll barely misses you.
You have reached level 4!
You scratch the gnoll.
The gnoll is heavily wounded.
The gnoll barely misses you.
The gnoll hits you from afar with a +0 halberd.
The gnoll hits you from afar with a +0 spear.
You claw the gnoll!
You kill the gnoll!
The gnoll hits you but does no damage.
The gnoll hits you from afar with a +0 halberd!
You hear some strange, mumbled words.
You are confused.
The gnoll hits you with a +0 spear!
* * * LOW HITPOINT WARNING * * *
The gnoll hits you with a +0 halberd.
* * * LOW HITPOINT WARNING * * *
Things that are here:
a +0 club; a +0 spear You scratch the gnoll.
The gnoll is heavily wounded.
Something hits you.
* * * LOW HITPOINT WARNING * * *
The gnoll hits you with a +0 spear.
You die...

#####.####### #.# ####.
#.# #.... #.###.###
####........
#############...........
.................(......
......g##.=.............
......gh..##.##.........
...>...###...##.........
....... ..####.........
....... #### ##.......†
...^... ######........
####### .>............
####.........
#..........
###..........


You could see 2 gnolls.

Vanquished Creatures
  2 adders (D:2)
  2 gnolls (D:2)
  2 dart slugs (D:2)
  A ball python (D:2)
  4 bats
  3 endoplasms (D:1)
  4 goblins
  8 hobgoblins
  3 kobolds (D:1)
  A quokka (D:1)
  6 rats
36 creatures vanquished.

Notes
Turn   | Place    | Note
-------+----------+-------------------------------------------
     0 | D:1      | BigPumpCobain the Troll Shapeshifter began the quest for
                  | the Orb.
     0 | D:1      | Reached XP level 1. HP: 18/18 MP: 0/0
    45 | D:1      | Reached skill level 1 in Fighting
    81 | D:1      | Reached XP level 2. HP: 27/27 MP: 1/1
   634 | D:2      | Found Jiepas's General Store.
   652 | D:2      | Reached XP level 3. HP: 35/35 MP: 2/2
   741 | D:2      | Reached skill level 4 in Unarmed Combat
   806 | D:2      | Noticed Sigmund
   812 | D:2      | Reached XP level 4. HP: 33/42 MP: 3/3
   815 | D:2      | Slain by a gnoll

Illustrated notes

Levels and vault maps discovered:
D:1:      amcnicky_arrival_double_pillar, layout_basic
D:2:      layout_rooms, serial_shops, shop, uniq_sigmund

Skill      XL: |  1  2  3 |
---------------+----------+-----
Fighting       | 1 2 |  2.3
Unarmed Combat | 4 |  4.1
Dodging        | |  1.5
Shapeshifting  | |  3.0

Action                     |  1- 3 |  4- 6 || total
---------------------------+-------+-------++-------
  Melee: Unarmed           |    65 |     3 ||    68
 Armour: Animal skin       |    31 |     8 ||    39
  Dodge: Dodged            |    20 |     1 ||    21

Table legend: (Time is in decaauts)
 A = Elapsed time spent in this place.
 B = Non-inter-level travel time spent in this place.
 C = Inter-level travel time spent in this place.
 D = Time resting spent in this place.
 E = Time spent auto-exploring this place.
 F = Levels seen in this place.
 G = Mean time per level.
                   A        B        C        D        E       F      G
               +--------+--------+--------+--------+--------+-----+--------+
         Total |    809 |    792 |     17 |      0 |    615 |   2 |  404.5 |
       Dungeon |    809 |    792 |     17 |      0 |    615 |   2 |  404.5 |
               +--------+--------+--------+--------+--------+-----+--------+

Top non-repeatable levels by time:
     D:1: 622 daAuts
     D:2: 187 daAuts
